 Dungeon Crawl Stone Soup version 0.16.1-28-gcc2312f (webtiles) character file.

675 sqallbeste the Covered (level 7, -1/56 HPs)
             Began as a Deep Dwarf Fighter on May 23, 2015.
             Was a Believer of Elyvilon.
             Slain by an ogre
             ... wielding a +0 giant club
              (13 damage)
             ... on level 5 of the Dungeon on May 24, 2015.
             The game lasted 00:54:49 (3770 turns).

sqallbeste the Covered (Deep Dwarf Fighter)         Turns: 3770, Time: 00:54:49

Health: -1/56      AC: 15    Str: 22    XL:     7   Next: 33%
Magic:  8/8        EV:  6    Int:  8    God:    Elyvilon [**....]
Gold:   263        SH: 10    Dex: 12    Spells: 0 memorised, 6 levels left

rFire  . . .     SeeInvis .     C - +1 flail (protect)
rCold  . . .     Clarity  .     r - +0 chain mail (curse)
rNeg   . . .     SustAb   .     c - +0 shield
rPois  .         Gourm    .     (helmet restricted)
rElec  .         Spirit   .     (no cloak)
rCorr  .         Warding  .     o - +1 pair of gloves
rMut   .         Stasis   .     (no boots)
MR     +....                    u - amulet of rage
Stlth  ..........               (no ring)
                                f - +1 ring of protection

@: non-regenerating, somewhat resistant to hostile enchantments, extremely
unstealthy
A: damage resistance, recharge devices, horns 1, icy blue scales 1, deformed
body, frail 1, sense surroundings 1, slow healing 3
a: Device Recharging, Lesser Healing, Divine Protection, Heal Other, Renounce
Religion, Evoke Berserk Rage


You were on level 5 of the Dungeon.
You worshipped Elyvilon.
Elyvilon was pleased with you.
You were not hungry.

You visited 1 branch of the dungeon, and saw 5 of its levels.

You collected 263 gold pieces.

Inventory:

Hand weapons
 g - a +2 hunting sling of freezing
 w - a +2 vampiric short sword
 y - a +0 flail
 z - a +3 dagger
 C - a +1 flail of protection (weapon)
 G - a +0 hand axe
Missiles
 n - 20 poisoned needles
 B - 16 exploding sling bullets
Armour
 b - a +0 scale mail
 c - a +0 shield (worn)
 o - a +1 pair of gloves (worn)
 r - a cursed +0 chain mail (worn)
 v - a +0 helmet
Jewellery
 f - a +1 ring of protection (left hand)
 u - an amulet of rage (around neck)
Magical devices
 d - a wand of heal wounds (1)
Scrolls
 h - a scroll of remove curse {unknown}
 i - a scroll of recharging {unknown}
 D - 2 scrolls of teleportation
 E - a scroll of identify
Potions
 e - a potion of might
 p - 2 potions of lignification
Comestibles
 a - a slice of pizza
 j - 2 fruits
 q - 5 bread rations
 s - a meat ration


   Skills:
 + Level 3.8 Fighting
 - Level 3.9(4.6) Axes
 * Level 3.3(4.1) Maces & Flails
 + Level 5.2 Armour
 + Level 1.8 Dodging
 - Level 0.6 Stealth
 + Level 5.1 Shields
 - Level 1.3 Evocations


You had 6 spell levels left.
You didn't know any spells.

Dungeon Overview and Level Annotations

Branches:
Dungeon (5/15)
 Temple: D:4-7

Altars:
Ashenzari
Cheibriados
Elyvilon
Kikubaaqudgha
Nemelex Xobeh
Okawaru
Xom
Zin

Annotations:
D:3 Sigmund


Innate Abilities, Weirdness & Mutations

You are resistant to damage.
You can recharge devices by infusing magical energy.
You passively map a small area around you.
You do not heal naturally.
You have a pair of small horns on your head.
You are partially covered in icy blue scales (AC +1).
Armour fits poorly on your strangely shaped body.
You are frail (-10% HP).


Message History

You headbutt the centaur.
The centaur is severely wounded.
The centaur barely misses you. You block the ogre's attack.
You sock the centaur!
You kill the centaur!
Your Shields skill increases to level 5!
Your life force feels restored.
You block the ogre's attack.
You hit the ogre.
The ogre is lightly wounded.
The ogre hits you with a giant club!
* * * LOW HITPOINT WARNING * * *
Your shield prevents you from hitting the ogre.
Your headbutt misses the ogre.
The ogre is lightly wounded.
The ogre barely misses you. The ogre hits you with a giant club.
* * * LOW HITPOINT WARNING * * *
The ogre hits you with a giant club!
You die...

#..#.# #..#.# #..# #...###
##.# #...#.# ## ###.##
#.....## ### #.# .....#
#......# ###.# #.# .....##
##......####...##..#
......###........#........(##
............................#
................@..........##
.................O........##
......................((###
.....................((##
......##.......#....(..#
.....###.....####......#
#....##......# #..)....#**
#....#.......# #.....#...#
#............# #.......###


You could see an ogre.

Vanquished Creatures
  An ice beast (D:5)
  A centaur (D:5)
  5 hounds
  A giant frog skeleton (D:4)
  A worker ant (D:5)
  A hound skeleton (D:5)
  3 adders
  9 gnolls
  A shadow imp (D:5)
  A worm (D:2)
  An adder skeleton (D:5)
  4 giant geckos
  17 orcs
  13 bats
  A bat skeleton (D:5)
  3 giant cockroaches
  14 hobgoblins
  19 jackals
  10 kobolds
  A quokka (D:4)
  2 giant newts (D:2)
  15 goblins
  8 rats
  A bush (D:2)
133 creatures vanquished.

Notes
Turn   | Place    | Note
--------------------------------------------------------------
     0 | D:1      | sqallbeste, the Deep Dwarf Fighter, began the quest for the Orb.
     0 | D:1      | Reached XP level 1. HP: 20/20 MP: 1/1
   305 | D:2      | Reached XP level 2. HP: 24/27 MP: 2/2
   457 | D:2      | Found a sparkling altar of Nemelex Xobeh.
   457 | D:2      | Found an iron altar of Okawaru.
   458 | D:2      | Found a shattered altar of Ashenzari.
   458 | D:2      | Found a snail-covered altar of Cheibriados.
   461 | D:2      | Found a white marble altar of Elyvilon.
   468 | D:2      | Found a glowing silver altar of Zin.
   487 | D:2      | Became a worshipper of Elyvilon the Healer
   696 | D:2      | Reached XP level 3. HP: 23/34 MP: 3/3
   843 | D:2      | Gained mutation: Armour fits poorly on your strangely shaped body. [potion of mutation]
   843 | D:2      | Gained mutation: You are frail (-10% HP). [potion of mutation]
   843 | D:2      | Gained mutation: You have a pair of small horns on your head. [potion of mutation]
  1247 | D:3      | Reached XP level 4. HP: 34/37 MP: 4/4
  1578 | D:3      | Acquired Elyvilon's first power
  1714 | D:3      | Gained mutation: You are partially covered in icy blue scales (AC +1). [potion of beneficial mutation]
  1736 | D:3      | Noticed Sigmund
  1857 | D:4      | Reached skill level 4 in Armour
  2120 | D:4      | Reached XP level 5. HP: 33/44 MP: 5/5
  2263 | D:4      | Reached skill level 1 in Dodging
  2495 | D:4      | Reached skill level 1 in Maces & Flails
  2504 | D:4      | Reached XP level 6. HP: 45/50 MP: 6/6
  2727 | D:4      | Found an ancient bone altar of Kikubaaqudgha.
  2935 | D:5      | Entered Level 5 of the Dungeon
  3020 | D:5      | Found a shimmering altar of Xom.
  3103 | D:5      | Reached skill level 1 in Evocations
  3411 | D:5      | Reached XP level 7. HP: 53/56 MP: 8/8
  3461 | D:5      | Acquired Elyvilon's second power
  3567 | D:5      | Reached skill level 5 in Armour
  3759 | D:5      | Reached skill level 5 in Shields
  3770 | D:5      | Slain by an ogre

Action                   |  1- 3 |  4- 6 |  7- 9 || total
-------------------------+-------+-------+-------++-------
Melee: War axe           |   173 |    87 |       ||   260
       Flail             |       |   159 |    26 ||   185
Invok: Lesser Healing    |       |     2 |       ||     2
 Abil: Evoke Berserk Rag |     1 |       |       ||     1
Evoke: Wand              |       |     4 |       ||     4
  Use: Scroll            |     2 |     3 |     1 ||     6
       Potion            |     3 |     8 |       ||    11
 Stab: Invisible         |       |     1 |       ||     1
  Eat: Beef jerky        |     1 |     2 |       ||     3
       Bread ration      |     1 |       |       ||     1
       Fruit             |       |     1 |       ||     1
       Pizza             |       |       |     1 ||     1
